 Dungeon Crawl Stone Soup version 0.28-a0-239-g68911e0c57 (webtiles) character file.

Game seed: 2954093175544569612

62 zdrol the Bolt Thrower (level 3, -2/31 HPs)
             Began as a Minotaur Hunter on Aug 23, 2021.
             Slain by an orc (3 damage)
             ... on level 3 of the Dungeon.
             The game lasted 00:09:20 (1912 turns).

zdrol the Bolt Thrower (Minotaur Hunter)            Turns: 1912, Time: 00:09:20

Health: -2/31      AC:  4    Str: 16    XL:     3   Next: 85%
Magic:  2/2        EV: 12    Int:  8    God:
Gold:   180        SH:  0    Dex: 11    Spells: 2/2 levels left

rFire   . . .      SeeInvis .   b - +0 short sword
rCold   . . .      Faith    .   (no shield)
rNeg    . . .      Spirit   .   c - +0 leather armour
rPois   .          Reflect  .   (helmet restricted)
rElec   .          Harm     .   (no cloak)
rCorr   .          Rampage  .   e - +0 pair of gloves
Will    .....                   (no boots)
Stlth   +.........              i - amulet of the acrobat
HPRegen 0.10/turn               (no ring)
MPRegen 0.08/turn               (no ring)

@: no status effects
A: horns 2, retaliatory headbutt
a: no special abilities


You were on level 3 of the Dungeon.
You visited 1 branch of the dungeon, and saw 3 of its levels.

You collected 180 gold pieces.

Inventory:

Hand Weapons
 a - a +1 hand crossbow
 b - a +0 short sword (weapon)
Missiles
 d - 16 bolts
Armour
 c - a +0 leather armour (worn)
 e - a +0 pair of gloves (worn)
Jewellery
 i - an amulet of the acrobat (around neck)
Scrolls
 j - a scroll of magic mapping
 l - a scroll of identify
Potions
 f - a potion of attraction {unknown}
 g - a potion of cancellation {unknown}
 h - a potion of might {unknown}
 k - a potion of curing {unknown}


   Skills:
 + Level 3.0 Fighting
 + Level 0.1 Short Blades
 + Level 5.4 Crossbows
 + Level 0.8 Armour
 + Level 2.7 Dodging
 + Level 0.8 Stealth


You had 2 spell levels left.
You didn't know any spells.
Your spell library was empty.

Dungeon Overview and Level Annotations

Branches:
Dungeon (3/15)

Altars:


Innate Abilities, Weirdness & Mutations

You have a pair of horns on your head.
You reflexively headbutt those who attack you in melee.


Message History

Things that are here:
a bolt; a hobgoblin corpse You hit the giant cockroach.
You headbutt the giant cockroach.
You kill the giant cockroach!
The goblin misses you.
You barely miss the goblin. The goblin hits you with a +0 club.
You hit the goblin. Your headbutt misses the goblin.
The goblin is moderately wounded.
The goblin misses you. You furiously retaliate!
You headbutt the goblin!
You kill the goblin!
d - 14 bolts (gained 1)
You see here a hobgoblin corpse.
Items here: ( )) †.
d - 15 bolts (gained 1)
Found a stone staircase leading down.
Found 17 arrows.
d - 16 bolts (gained 1)
You see here 17 arrows.
There is a stone staircase leading down here.
HP restored.
A hobgoblin comes into view.
The hobgoblin shouts!
You hear a shout!
A gnoll comes into view. It is wielding a +0 flail.
You closely miss the hobgoblin. You headbutt the hobgoblin.
You kill the hobgoblin!
You see here a hobgoblin corpse.
An orc comes into view. It is wielding a +2 vorpal mace.
The orc shouts!
You hit the gnoll. You headbutt the gnoll.
The gnoll is moderately wounded.
The gnoll hits you with a +0 flail!
You hit the gnoll but do no damage. You headbutt the gnoll!
You kill the gnoll!
Your Fighting skill increases to level 3!
You see here a +0 flail.
The orc hits you with a +2 vorpal mace!
* * * LOW HITPOINT WARNING * * *
You closely miss the orc. The orc hits you with a +2 vorpal mace!
* * * LOW HITPOINT WARNING * * *
You die...

.....## ###....
........# #....####....
........# ..# #.........
........# #.###..####...
........###..###..# #...
........##...#....###...
........#...........#...
....................##..
......o@)........†..###.
.#######..†.......).# ##
##...........####
##...##...#....#
##########..... #......
#...... #...... ##.....


You could see an orc.

Vanquished Creatures
  An adder (D:2)
  A gnoll (D:3)
  3 ball pythons
  4 endoplasms
  2 giant cockroaches
  7 goblins
  7 hobgoblins
  A quokka (D:3)
  4 bats (D:2)
  A frilled lizard (D:2)
  2 kobolds
  5 rats
38 creatures vanquished.

Notes
Turn   | Place    | Note
-------+----------+-------------------------------------------
     0 | D:1      | zdrol the Minotaur Hunter began the quest for the Orb.
     0 | D:1      | Reached XP level 1. HP: 18/18 MP: 0/0
   134 | D:1      | Reached XP level 2. HP: 25/25 MP: 1/1
  1069 | D:2      | Reached skill level 5 in Crossbows
  1118 | D:2      | Found a faded altar of an unknown god.
  1126 | D:2      | Reached XP level 3. HP: 30/30 MP: 2/2
  1912 | D:3      | HP: 1/31 [orc (8)]
  1912 | D:3      | Slain by an orc

Illustrated notes

Levels and vault maps discovered:
D:1:      dpeg_arrival_erosion, layout_loops_cross, minivault_5
D:2:      layout_basic, basic_ecumenical_altar
D:3:      layout_rooms, mainiacjoe_overflow_surrounded_room,
          mainiacjoe_overflow_small_starburst, minivault_27, uniq_ijyb

Skill      XL: |  1  2  3 |
---------------+----------+-----
Crossbows      | 5 |  5.4
Fighting       | 3 |  3.0
Short Blades   | |  0.1
Armour         | |  0.8
Dodging        | |  2.7
Stealth        | |  0.8

Action                   || total
-------------------------++-------
Melee: Short sword       ||    41
       Headbutt          ||     7
 Fire: Hand crossbow     ||    47
  Use: Scroll            ||     2
Armor: Leather armour    ||    13
Dodge: Dodged            ||    38

Table legend: (Time is in decaauts)
 A = Elapsed time spent in this place.
 B = Non-inter-level travel time spent in this place.
 C = Inter-level travel time spent in this place.
 D = Time resting spent in this place.
 E = Time spent auto-exploring this place.
 F = Levels seen in this place.
 G = Mean time per level.
                   A        B        C        D        E       F      G
               +--------+--------+--------+--------+--------+-----+--------+
         Total |   1916 |   1916 |      0 |      0 |    952 |   3 |  638.7 |
       Dungeon |   1916 |   1916 |      0 |      0 |    952 |   3 |  638.7 |
               +--------+--------+--------+--------+--------+-----+--------+

Top non-repeatable levels by time:
     D:1: 956 daAuts
     D:2: 828 daAuts
     D:3: 131 daAuts
